[Event "Team 45 45 League T57"]
[Site "Internet Chess Club"]
[Date "2013.06.14"]
[Round "4"]
[White "koni"]
[Black "HematiteBrown"]
[Result "1/2-1/2"]
[WhiteElo "1917"]
[BlackElo "2026"]
[Opening "King's Indian: East Indian defense"]
[ECO "A48"]
[Time "13:00:46"]
[TimeControl "2700+45"]

1. d4 Nf6 2. Nf3 g6 3. Nc3 d5 4. Bf4 Bg7 5. e3 O-O 6. Be2 c5 7. Ne5 Nc6 8. O-O
cxd4 9. exd4 Qb6 10. Nxc6 bxc6 11. Na4 Qa5 12. c3 Ne4 13. b4 Qd8 14. f3 Nd6 15.
Nc5 f6 16. Qd2 e5 17. Bh6 Bxh6 18. Qxh6 Nf7 19. Qd2 Ng5 20. Rae1 Re8 21. Bd3 Ne6
22. Nxe6 Rxe6 23. dxe5 fxe5 24. Re2 a5 25. a3 axb4 26. axb4 Ba6 27. Rfe1 Bxd3
28. Qxd3 Qb6+ 29. Kf1 e4 30. Qe3 Qxe3 31. Rxe3 Rf6 32. Kf2 Ra2+ 33. R1e2 Rxe2+
34. Kxe2 exf3+ 35. Rxf3 Kf7 36. Rh3 Re6+ 37. Kd3 h5 38. Kd4 Re4+ 39. Kc5 Rc4+
40. Kd6 Kf6 41. Rf3+ Kg5 42. Ke5 h4 43. Rd3 Kh5 44. h3 g5 45. Kd6 Kg6 46. Rf3
Kh5 47. Rd3 Kg6 48. Rf3 Kh5 {Game drawn by mutual agreement} 1/2-1/2

[Event "Team 45 45 League T57"]
[Site "Internet Chess Club"]
[Date "2013.06.17"]
[Round "4"]
[White "EyeAm"]
[Black "Nathan-L"]
[Result "1-0"]
[WhiteElo "1780"]
[BlackElo "1806"]
[Opening "French: Tarrasch, closed variation, main line"]
[ECO "C06"]
[Time "18:00:04"]
[TimeControl "2700+45"]

1. e4 e6 2. d4 d5 3. Nd2 Nf6 4. e5 Nfd7 5. Bd3 c5 6. c3 Nc6 7. Ne2 cxd4 8. cxd4
Bb4 9. O-O Nb6 10. Nf3 Bd7 11. a3 Be7 12. Qc2 Rc8 13. Qb1 h6 14. b3 O-O 15. Be3
f5 16. exf6 Bxf6 17. Bh7+ Kh8 18. Nf4 Ne7 19. Bg6 Rc3 20. Rc1 Qc7 21. Qb2 Rc8
22. Bd2 Rxc1+ 23. Rxc1 Qb8 24. Re1 Rc6 25. Bd3 a6 26. h4 Qc8 27. g4 Be8 28. g5
e5 29. Nxe5 Bxe5 30. Rxe5 Qg4+ 31. Ng2 Bg6 32. Be2 Qd7 33. Bd1 Be4 34. gxh6 gxh6
35. Rxe4 dxe4 36. d5+ Kg8 37. dxc6 Nxc6 38. Qc1 Ne5 39. Bxh6 Nf3+ 40. Bxf3 exf3
41. Qg5+ Kh7 42. Nf4 Qf7 43. Ne6 Nd7 44. h5 b6 45. Qg7+ Qxg7+ 46. Bxg7 Nb8 47.
h6 Nc6 48. Nf8+ Kg8 49. Bb2 Nd4 50. Bxd4 Kxf8 51. h7 Ke7 52. h8=Q Ke6 53. Qf6+
Kd5 54. Bxb6 Ke4 55. Qe6+ Kd3 56. Qc4+ Kd2 57. Be3+ Kd1 58. Qc1+ Ke2 59. Qd2#
{Black checkmated} 1-0

[Event "Team 45 45 League T57"]
[Site "Internet Chess Club"]
[Date "2013.06.13"]
[Round "4"]
[White "bookseller"]
[Black "knightstormala"]
[Result "1-0"]
[WhiteElo "1678"]
[BlackElo "1783"]
[Opening "Sicilian: Alapin's variation (2.c3)"]
[ECO "B22"]
[Time "19:09:57"]
[TimeControl "2700+45"]

1. e4 c5 2. c3 d5 3. exd5 Qxd5 4. d4 Nf6 5. Nf3 Bg4 6. Be2 e6 7. h3 Bh5 8. O-O
Nc6 9. Be3 cxd4 10. cxd4 Be7 11. Nc3 Qd6 12. Nb5 Qb8 13. Rc1 a6 14. Nc3 Qd6 15.
a3 O-O 16. Qd2 Rfd8 17. Rfd1 Rac8 18. Bf4 Qd7 19. Ne5 Nxe5 20. dxe5 Bxe2 21.
Qxe2 Nd5 22. Nxd5 exd5 23. Rxc8 Rxc8 24. Qd3 Rd8 25. Qd4 Qb5 26. Rc1 h6 27. Rc7
Rd7 28. a4 {Black resigns} 1-0

[Event "Team 45 45 League T57"]
[Site "Internet Chess Club"]
[Date "2013.06.16"]
[Round "4"]
[White "fledermaus"]
[Black "bat30"]
[Result "0-1"]
[WhiteElo "1937"]
[BlackElo "1906"]
[Opening "QGD: 4.Nf3"]
[ECO "D37"]
[Time "15:12:27"]
[TimeControl "2700+45"]

1. d4 d5 2. c4 e6 3. Nf3 Nf6 4. Nc3 Nc6 5. Bg5 Be7 6. e3 O-O 7. Rc1 h6 8. Bh4 a5
9. a3 Ne8 10. Bxe7 Nxe7 11. Bd3 dxc4 12. Bxc4 Nd6 13. Bd3 b6 14. Qe2 Bb7 15. O-O
Rc8 16. Rfd1 f6 17. Bb1 Qe8 18. e4 Ra8 19. Qc2 f5 20. Ba2 Ng6 21. exf5 Bxf3 22.
Bxe6+ Kh8 23. gxf3 Nh4 24. Qe2 Ndxf5 25. Bxf5 Rxf5 26. Qxe8+ Rxe8 27. f4 Rxf4
28. Nd5 Rg4+ 29. Kh1 Re2 30. Ne3 Rf4 31. Rc2 Rfxf2 32. Rxe2 Rxe2 33. Nf1 Rxb2
34. Rd3 a4 35. Nd2 Kg8 36. h3 Kf7 37. Nf3 Nxf3 38. Rxf3+ Ke6 39. Rc3 Rb3 40.
Rxc7 Rxh3+ 41. Kg2 Rxa3 42. Rxg7 Kd5 43. Rd7+ Kc4 44. d5 Rd3 45. d6 a3 46. Ra7
b5 47. d7 Kb3 48. Kf2 b4 49. Ke2 Rd6 50. Ke3 Kb2 51. Ke4 a2 52. Ke5 Rd1 53. Ra4
Rxd7 54. Rxb4+ Ka3 {White resigns} 0-1

[Event "Team 45 45 League T57"]
[Site "Internet Chess Club"]
[Date "2013.06.18"]
[Round "4"]
[White "HumanTornado"]
[Black "ddlj81"]
[Result "1-0"]
[WhiteElo "2046"]
[BlackElo "1799"]
[Opening "Réti opening"]
[ECO "A11"]
[Time "23:00:08"]
[TimeControl "2700+45"]

1. Nf3 d5 2. c4 c6 3. g3 Nf6 4. Bg2 Bf5 5. cxd5 cxd5 6. Qb3 Qc8 7. Nc3 e6 8. d3
Be7 9. O-O O-O 10. Bf4 Nc6 11. Rac1 Qd7 12. Ne5 Nxe5 13. Bxe5 Rac8 14. Nb5 a6
15. Nd4 Bg6 16. Nf3 Rxc1 17. Rxc1 Rc8 18. Qd1 Rxc1 19. Qxc1 Qc6 20. Qxc6 bxc6
21. Nd4 c5 22. Nc6 Kf8 23. Bc7 Ne8 24. Bf4 Bd6 25. Bxd6+ Nxd6 26. Nb8 c4 27.
dxc4 Nxc4 28. b3 a5 29. bxc4 dxc4 30. Nd7+ Ke8 31. Nc5 Bb1 32. a3 c3 33. Nb3 a4
34. Nc1 Kd7 35. e3 Kd6 36. Bf1 Kc5 37. Bd3 Bxd3 38. Nxd3+ Kc4 39. Nc1 c2 40. Kf1
Kc3 41. Ke2 g5 42. g4 f5 43. f3 f4 44. exf4 gxf4 45. h4 e5 46. h5 e4 47. fxe4
f3+ 48. Kxf3 Kb2 49. Nd3+ Kxa3 50. Ke3 Kb3 51. Kd2 a3 52. g5 Kc4 53. Kxc2 a2 54.
Kb2 Kxd3 55. e5 {Black resigns} 1-0

[Event "Team 45 45 League T57"]
[Site "Internet Chess Club"]
[Date "2013.06.15"]
[Round "4"]
[White "gcl"]
[Black "vvsi"]
[Result "1-0"]
[WhiteElo "1710"]
[BlackElo "1709"]
[Opening "Danish gambit: Schlechter defense"]
[ECO "C21"]
[Time "09:15:43"]
[TimeControl "2700+45"]

1. e4 e5 2. d4 exd4 3. c3 dxc3 4. Bc4 cxb2 5. Bxb2 d5 6. Bxd5 Nf6 7. Bxf7+ Kxf7
8. Qxd8 Bb4+ 9. Qd2 Bxd2+ 10. Nxd2 Nc6 11. Ngf3 Re8 12. O-O Nxe4 13. Nxe4 Rxe4
14. Ng5+ Kg6 15. Nxe4 Bf5 16. Ng3 {Black resigns} 1-0

[Event "Team 45 45 League T57"]
[Site "Internet Chess Club"]
[Date "2013.06.20"]
[Round "4"]
[White "evan7284"]
[Black "calily"]
[Result "1-0"]
[WhiteElo "1740"]
[BlackElo "1637"]
[Opening "Torre attack (Tartakower variation)"]
[ECO "D03"]
[Time "15:02:58"]
[TimeControl "2700+45"]

1. d4 Nf6 2. Nf3 d5 3. Bg5 e6 4. e3 Be7 5. Bd3 Nbd7 6. Nbd2 c5 7. c3 O-O 8. O-O
a6 9. Ne5 Nxe5 10. dxe5 Nd7 11. Bxe7 Qxe7 12. f4 b5 13. Qh5 g6 14. Qh6 Rd8 15.
Rf3 Qf8 16. Qh4 Bb7 17. Rh3 Qg7 18. Nf3 d4 19. Ng5 Nf8 20. cxd4 cxd4 21. exd4
Rxd4 22. Rc1 Rc8 23. Rxc8 Bxc8 24. Ne4 Bb7 25. Nf6+ Kh8 26. Ne8 Qg8 27. Qf6+
{Black resigns} 1-0

[Event "Team 45 45 League T57"]
[Site "Internet Chess Club"]
[Date "2013.06.16"]
[Round "4"]
[White "JeffH"]
[Black "evan7284"]
[Result "0-1"]
[WhiteElo "1487"]
[BlackElo "1733"]
[Opening "Réti: King's Indian attack (Barcza system)"]
[ECO "A07"]
[Time "16:00:30"]
[TimeControl "2700+45"]

1. Nf3 d5 2. g3 Bg4 3. Bg2 e6 4. O-O f5 5. d3 Nf6 6. c4 c6 7. Qb3 Qc7 8. Bf4 Qc8
9. Nbd2 Nbd7 10. Rfe1 Be7 11. e4 Bxf3 12. Bxf3 Nc5 13. Qc2 fxe4 14. dxe4 dxe4
15. Nxe4 Ncxe4 16. Bxe4 O-O 17. Bf3 Bc5 18. g4 Nh5 19. gxh5 Rxf4 20. Qe2 Kh8 21.
Rf1 Qd8 22. Kh1 Qf6 23. Bg4 Re8 24. Rad1 Kg8 25. Rd7 Rxf2 26. Rxf2 Bxf2 27. Rxb7
Bb6 28. Rd7 Bc5 29. b4 Bxb4 30. Rxa7 Qa1+ 31. Kg2 Bc5 32. Kh3 Bxa7 {White
resigns} 0-1

[Event "Team 45 45 League T57"]
[Site "Internet Chess Club"]
[Date "2013.06.16"]
[Round "4"]
[White "Visin"]
[Black "g8wrb"]
[Result "0-1"]
[WhiteElo "1390"]
[BlackElo "1444"]
[Opening "French: exchange, Svenonius variation"]
[ECO "C01"]
[Time "05:00:34"]
[TimeControl "2700+45"]

1. e4 e6 2. d4 d5 3. exd5 exd5 4. Nc3 Nf6 5. Bg5 c6 6. Qe2+ Be6 7. Nh3 Be7 8.
Nf4 Bg4 9. f3 Bf5 10. Bxf6 gxf6 11. g4 Bd7 12. O-O-O Qc7 13. Nd3 Na6 14. h4 Rg8
15. Re1 Be6 16. Bh3 O-O-O 17. a3 Rde8 18. f4 Bd6 19. Qf3 Qb6 20. f5 Bd7 21. Qf2
Qa5 22. Rxe8+ Rxe8 23. Re1 Rxe1+ 24. Qxe1 Qc7 25. Qd2 Bg3 26. h5 Bh4 27. Qe2 Qg3
28. Bg2 Qd6 29. Kb1 Kd8 30. Na2 Qh2 31. Bf1 Qg1 32. c3 Qg3 33. Nab4 Nxb4 34.
Nxb4 Qf4 35. Nd3 Qd6 36. Nc5 Bc8 37. Nd3 b6 38. Nb4 Bg5 39. Qf2 Kc7 40. c4 a5
41. Nc2 Bd7 42. cxd5 Qxd5 43. Qe2 Qh1 44. Qg2 Qh4 45. Bc4 Be8 46. d5 cxd5 47.
Bxd5 Bf4 48. Ba8 Be5 49. Qb7+ Kd8 50. Qxb6+ Bc7 51. Qd4+ Kc8 52. Bf3 Bd7 53. Qd3
Qf2 54. Qa6+ Kd8 55. Qd3 Qc5 56. Bd5 Qg1+ 57. Ka2 Qxg4 58. Bxf7 Qxf5 59. Qd2 Qc5
60. Be6 Qd6 61. Qxd6 Bxd6 62. Bxd7 Kxd7 63. Ne3 h6 64. Kb3 Ke6 65. Nc4 Bc7 66.
Kc3 f5 67. Kd3 Kf6 68. b4 axb4 69. axb4 Kg5 70. Ne3 Bb6 71. b5 f4 72. Ng2 f3 73.
Ne3 Kxh5 74. Ke4 f2 75. Nf1 Kg4 76. Kd3 Kf3 77. Nd2+ Kg2 78. Ke2 h5 79. Nf3
f1=Q+ {White resigns} 0-1

[Event "Team 45 45 League T57"]
[Site "Internet Chess Club"]
[Date "2013.06.15"]
[Round "4"]
[White "guyd52"]
[Black "JohLeb"]
[Result "0-1"]
[WhiteElo "1355"]
[BlackElo "1357"]
[Opening "Réti opening"]
[ECO "A04"]
[Time "19:00:10"]
[TimeControl "2700+45"]

1. Nf3 Nc6 2. g3 d5 3. Bg2 e5 4. d3 Nf6 5. O-O Be7 6. Nbd2 O-O 7. c3 Be6 8. e4
dxe4 9. Nxe4 Nxe4 10. dxe4 Bc4 11. Re1 Qxd1 12. Rxd1 Rad8 13. Bd2 Be2 14. b4 f6
15. Nh4 Bxd1 16. Rxd1 Rd7 17. Bh3 Rdd8 18. Nf5 Rfe8 19. Ne3 a6 20. Nc4 b6 21. a3
Na7 22. Ne3 Kf7 23. Bg4 g6 24. Be2 b5 25. Nf1 c5 26. Ra1 c4 27. Be3 Nc6 28. Bb6
Rb8 29. Be3 a5 30. Bg4 Red8 31. Kg2 axb4 32. axb4 Ra8 33. Rc1 Ra3 34. Be2 f5 35.
exf5 gxf5 36. Rc2 Bf6 37. Bc1 Ra7 38. Be3 Rad7 39. f3 Rg8 40. Nd2 Bg5 41. Kf2
Bxe3+ 42. Kxe3 h5 43. f4 exf4+ 44. Kxf4 Kg6 45. Bf3 Rd6 46. Nb1 Rgd8 47. Re2
R8d7 48. Na3 Na7 49. Re5 Rd3 50. Rxf5 Rxf3+ {White resigns} 0-1

[Event "Team 45 45 League T57"]
[Site "Internet Chess Club"]
[Date "2013.06.12"]
[Round "4"]
[White "BrerRabbit"]
[Black "bmw2002"]
[Result "0-1"]
[WhiteElo "1445"]
[BlackElo "1601"]
[Opening "King's Indian: London system"]
[ECO "A48"]
[Time "20:16:17"]
[TimeControl "2700+45"]

1. d4 Nf6 2. Nf3 g6 3. Bf4 Bg7 4. e3 d6 5. h3 O-O 6. Bh2 a5 7. Be2 Na6 8. O-O
Bd7 9. c3 b5 10. Nbd2 c5 11. Rc1 Qb6 12. b3 cxd4 13. cxd4 Rfc8 14. Bd3 Nb4 15.
Bb1 Nfd5 16. a3 Na6 17. Qe1 Nc3 18. Bd3 b4 19. a4 Nc7 20. Nb1 N7d5 21. Nxc3 Nxc3
22. Nd2 Be6 23. Bc4 Bxc4 24. Nxc4 Qa6 25. Nd2 Ne2+ 26. Kh1 Rxc1 {White resigns}
0-1

[Event "Team 45 45 League T57"]
[Site "Internet Chess Club"]
[Date "2013.06.19"]
[Round "4"]
[White "MeansToAnEnd"]
[Black "AlPearson"]
[Result "0-1"]
[WhiteElo "1336"]
[BlackElo "1339"]
[Opening "King's Indian defense"]
[ECO "E60"]
[Time "20:22:21"]
[TimeControl "2700+45"]

1. d4 Nf6 2. c4 g6 3. Bg5 Bg7 4. Nf3 O-O 5. e3 h6 6. Bf4 g5 7. Be5 d6 8. Bxf6
Bxf6 9. Bd3 c5 10. O-O Qb6 11. Qb3 Nc6 12. Nbd2 cxd4 13. Qxb6 axb6 14. exd4 Nxd4
15. Nxd4 Bxd4 16. Rab1 Rxa2 17. Nf3 Bg7 18. b3 Bd7 {White resigns} 0-1

[Event "Team 45 45 League T57"]
[Site "Internet Chess Club"]
[Date "2013.06.16"]
[Round "4"]
[White "houseofcook"]
[Black "Hal2001"]
[Result "1/2-1/2"]
[WhiteElo "1524"]
[BlackElo "1602"]
[Opening "Robatsch (modern) defense"]
[ECO "B06"]
[Time "07:09:43"]
[TimeControl "2700+45"]

1. e4 g6 2. Nf3 Bg7 3. Bc4 c5 4. c3 Nf6 5. e5 Ng8 6. d4 cxd4 7. cxd4 e6 8. O-O
Ne7 9. Nc3 O-O 10. Bg5 f6 11. exf6 Bxf6 12. Bxf6 Rxf6 13. Qd2 d5 14. Bd3 Nbc6
15. h4 Nf5 16. Ne2 Qf8 17. Qg5 Qg7 18. Qd2 Bd7 19. Bxf5 Rxf5 20. Ng3 Rf6 21.
Rfe1 h6 22. Rac1 Re8 23. Ne5 Kh7 24. h5 Nxe5 25. dxe5 Rf7 26. hxg6+ Qxg6 27. Qc2
Qxc2 28. Rxc2 Kg6 29. Ne2 Rff8 30. Nd4 Rc8 31. Rec1 Rxc2 32. Rxc2 Rc8 33. Rxc8
Bxc8 34. f4 Kh5 35. g3 Kg4 36. Kf2 Bd7 37. a3 a5 38. b4 axb4 39. axb4 b5 40. Ne2
Be8 41. Nd4 Bd7 42. Ne2 {Game drawn by mutual agreement} 1/2-1/2

[Event "Team 45 45 League T57"]
[Site "Internet Chess Club"]
[Date "2013.06.13"]
[Round "4"]
[White "MinnArkie"]
[Black "dabodhi"]
[Result "1-0"]
[WhiteElo "1594"]
[BlackElo "1314"]
[Opening "Sicilian: Labourdonnais-Löwenthal variation"]
[ECO "B32"]
[Time "19:02:23"]
[TimeControl "2700+45"]

1. e4 c5 2. Nf3 Nc6 3. d4 cxd4 4. Nxd4 e5 5. Nf3 Nf6 6. Nc3 Bb4 7. Bd3 d5 8. Bb5
O-O 9. O-O Bxc3 10. Bxc6 bxc6 11. bxc3 Re8 12. exd5 cxd5 13. h3 Ba6 14. Re1 Ne4
15. Bb2 f6 16. Nd2 Nxf2 17. Kxf2 Qb6+ 18. Re3 Qxb2 19. Nb3 Qa3 20. Qxd5+ Kh8 21.
Qa5 Qd6 22. Qb4 Qe6 23. g4 Rab8 24. Qa3 Bc4 25. Qxa7 f5 26. Nd4 Qh6 27. Nxf5
Qf4+ 28. Kg1 Rg8 29. Nd6 Rbf8 30. Nxc4 Qf2+ 31. Kh1 Qxc2 32. Rae1 Rf2 33. Rg3
Rh2+ 34. Kg1 h6 35. Nxe5 Kh7 36. g5 Ra8 37. g6+ Qxg6 38. Nxg6 Rxa7 39. Re8 Raxa2
40. Rh8# {Black checkmated} 1-0

[Event "Team 45 45 League T57"]
[Site "Internet Chess Club"]
[Date "2013.06.14"]
[Round "4"]
[White "Gilguli"]
[Black "jungleboy"]
[Result "1-0"]
[WhiteElo "1408"]
[BlackElo "1188"]
[Opening "Vienna gambit"]
[ECO "C25"]
[Time "10:36:44"]
[TimeControl "2700+45"]

1. e4 e5 2. Nc3 Nc6 3. f4 d6 4. Nf3 Nf6 5. Bc4 Bg4 6. h3 Bd7 7. d3 h6 8. fxe5
dxe5 9. Be3 Qe7 10. a3 O-O-O 11. Qd2 Be6 12. Bb5 Nd4 13. Qf2 Qc5 14. Ba4 Bd7 15.
Bxd7+ Rxd7 16. O-O Be7 17. Rac1 Nh5 18. Na2 Bg5 19. Nxg5 hxg5 20. c3 Qd6 21.
cxd4 exd4 22. Bxg5 Qg6 23. Qf5 Qxf5 24. Rxf5 Ng3 25. Rf2 Rh5 26. Bf4 Nxe4 27.
dxe4 g5 28. Rxc7+ Rxc7 29. Bxc7 Kxc7 30. Rxf7+ Kb6 31. Rf5 Rh4 32. Re5 Rf4 33.
Nb4 Rf8 34. Rxg5 Re8 35. e5 Kc5 36. g4 Kc4 37. Rf5 a5 38. Nc2 d3 39. Ne3+ Kb3
40. g5 Rd8 41. e6 d2 42. e7 Re8 43. Re5 Kxb2 44. Kf2 b5 45. Ke2 Kc3 46. Kd1 Kd3
47. Nf5 Rc8 48. Re3+ Kc4 49. Nd6+ Kc5 50. Nxc8 b4 51. axb4+ axb4 52. Kxd2 b3 53.
e8=Q Kc4 54. Qc6+ Kb4 55. Re4+ Ka3 56. Qc5+ Ka2 57. Ra4+ Kb2 58. Qc1# {Black
checkmated} 1-0

[Event "Team 45 45 League T57"]
[Site "Internet Chess Club"]
[Date "2013.06.16"]
[Round "4"]
[White "rhayder"]
[Black "semperfi"]
[Result "0-1"]
[WhiteElo "1315"]
[BlackElo "1378"]
[Opening "French defense"]
[ECO "C11"]
[Time "18:16:41"]
[TimeControl "2700+45"]

1. e4 e6 2. d4 d5 3. Nc3 Nf6 4. exd5 exd5 5. Nf3 Be7 6. Be2 O-O 7. O-O c5 8. Be3
Nc6 9. Qd2 Re8 10. Bf4 Qb6 11. Nb5 Bd8 12. dxc5 Qxc5 13. Nd6 Ne4 14. Nxe4 dxe4
15. Be3 Qf5 16. Nd4 Qg6 17. f3 Bh3 18. Rf2 Bh4 19. g3 Nxd4 20. Qxd4 Bf6 21. Qb4
b6 22. Rd1 h5 23. f4 h4 24. g4 Bxg4 25. Rg2 Be7 26. Qc4 Bxe2 27. Qxe2 Qf5 28.
Qg4 Qxg4 29. Rxg4 Rac8 30. c3 f5 31. Rg6 Kf7 32. Rg2 Rcd8 33. Bd4 Bf6 34. Rgd2
Bxd4+ 35. Rxd4 Rxd4 36. Rxd4 e3 37. Kf1 e2+ 38. Ke1 Kg6 39. h3 Kf6 40. Rd2 Re3
41. Rxe2 Rxh3 42. Rd2 Rh1+ 43. Ke2 Rh2+ 44. Ke3 Rxd2 45. Kxd2 h3 46. Ke1 h2 47.
Kf1 h1=Q+ {White resigns} 0-1

[Event "Team 45 45 League T57"]
[Site "Internet Chess Club"]
[Date "2013.06.13"]
[Round "4"]
[White "LazyPeon"]
[Black "ScotchYeti"]
[Result "0-1"]
[WhiteElo "1767"]
[BlackElo "1706"]
[Opening "Benkö gambit: fianchetto variation"]
[ECO "A58"]
[Time "15:00:56"]
[TimeControl "2700+45"]

1. d4 Nf6 2. c4 c5 3. d5 b5 4. cxb5 a6 5. bxa6 g6 6. Nc3 Bxa6 7. Nf3 d6 8. g3
Bg7 9. Bg2 Nbd7 10. Rb1 O-O 11. O-O Qa5 12. Bd2 Bb7 13. e4 Rfb8 14. Qc2 Qa7 15.
b3 Ba6 16. Rfd1 Ng4 17. Ne1 c4 18. b4 Qxf2+ 19. Kh1 Qa7 20. h3 Nf2+ 21. Kh2 Nxd1
22. Nxd1 Bb5 23. Nc3 Bxc3 24. Bxc3 Qxa2 25. Rb2 Qa7 26. Qd2 Ne5 27. Nf3 f6 28.
Nd4 Bd7 29. b5 Nd3 30. Rb1 Qc5 31. Nc6 Bxc6 32. dxc6 Rxb5 33. Rxb5 Qxb5 34. c7
Rc8 35. Ba5 Qc5 36. h4 Rxc7 37. Bxc7 Qxc7 38. Bf1 Ne5 39. Qd5+ Kg7 40. Bh3 c3
41. Be6 c2 42. Qa8 Kh6 43. Qf8+ Kh5 44. Kh3 Qc3 45. Qg7 h6 46. Kh2 Qd2+ 47. Kh3
Qe3 48. Kg2 Qxe4+ 49. Kh3 c1=Q 50. Bg4+ Qxg4+ {White resigns} 0-1

[Event "Team 45 45 League T57"]
[Site "Internet Chess Club"]
[Date "2013.06.13"]
[Round "4"]
[White "cBishop"]
[Black "Buford-Julep"]
[Result "1/2-1/2"]
[WhiteElo "1651"]
[BlackElo "1737"]
[Opening "QGA: classical, Rubinstein variation"]
[ECO "D27"]
[Time "11:15:47"]
[TimeControl "2700+45"]

1. d4 d5 2. c4 dxc4 3. e3 Nf6 4. Bxc4 e6 5. Nf3 c5 6. O-O a6 7. a4 Nc6 8. Nc3
Be7 9. dxc5 Qxd1 10. Rxd1 Bxc5 11. Kf1 b6 12. Ne2 Bb7 13. Ned4 Nxd4 14. exd4 Be7
15. Ke2 Rc8 16. Bd3 Nd5 17. Bd2 O-O 18. Rdc1 h6 19. h3 Rfd8 20. Rc4 Rxc4 21.
Bxc4 Rc8 22. Kd3 Nb4+ 23. Bxb4 Bxb4 24. b3 Bd6 25. Ke3 Kf8 26. g3 Ke7 27. Nd2
Kd7 28. Ne4 Be7 29. h4 Rc7 30. Rd1 Bd5 31. Bxa6 Bxb3 32. Bb5+ Kc8 33. Rb1 Bc4
34. Bxc4 Rxc4 35. Rxb6 Rxa4 36. Rc6+ Kd7 37. Nc5+ Bxc5 38. Rxc5 Kd6 39. Rb5 f5
40. h5 Ke7 41. Rb6 Kf7 42. f3 Rc4 43. Ra6 Rb4 44. Rc6 Ra4 45. Rb6 Rc4 {Game
drawn by mutual agreement} 1/2-1/2

[Event "Team 45 45 League T57"]
[Site "Internet Chess Club"]
[Date "2013.06.13"]
[Round "4"]
[White "pauliewoll"]
[Black "cepheid"]
[Result "1-0"]
[WhiteElo "1622"]
[BlackElo "1608"]
[Opening "Sicilian: closed, 6.Be3"]
[ECO "B26"]
[Time "12:30:21"]
[TimeControl "2700+45"]

1. e4 c5 2. Nc3 Nc6 3. g3 g6 4. Bg2 Bg7 5. d3 d6 6. Be3 e5 7. Qd2 Nge7 8. Bh6
O-O 9. h4 Nd4 10. h5 f6 11. hxg6 Nxg6 12. Bxg7 Kxg7 13. Qh6+ Kf7 14. Qxh7+ Ke8
15. Qxg6+ Kd7 16. Rh7+ Kc6 17. O-O-O Be6 18. Nd5 Bxd5 19. exd5+ Kb6 20. c3 Nb5
21. Nf3 Rb8 22. Nd2 a5 23. Nc4+ Ka7 24. a4 Nc7 25. Nxa5 Ka6 26. Qg7 Kxa5 27.
Qxc7+ Qxc7 28. Rxc7 Kxa4 29. Kc2 Rh8 30. Ra1+ Kb5 31. Rh1 Rhf8 32. Rhh7 b6 33.
Rcf7 Rxf7 34. Rxf7 Rh8 35. Rxf6 Rh2 36. Be4 c4 37. g4 Kc5 38. g5 cxd3+ 39. Kxd3
Rh5 40. g6 Rg5 41. b4+ Kb5 42. Rxd6 {Black resigns} 1-0

[Event "Team 45 45 League T57"]
[Site "Internet Chess Club"]
[Date "2013.06.16"]
[Round "4"]
[White "birk113"]
[Black "JRecasens"]
[Result "1-0"]
[WhiteElo "1523"]
[BlackElo "1339"]
[Opening "Caro-Kann: classical, Spassky variation"]
[ECO "B19"]
[Time "15:00:40"]
[TimeControl "2700+45"]

1. e4 c6 2. d4 d5 3. Nc3 dxe4 4. Nxe4 Bf5 5. Ng3 Bg6 6. h4 h6 7. Nf3 Nd7 8. h5
Bh7 9. Bd3 Bxd3 10. Qxd3 Qc7 11. Bd2 Ngf6 12. Ne4 e6 13. O-O-O Be7 14. g3 O-O-O
15. Bf4 Qa5 16. Kb1 Nd5 17. Bd2 Nb4 18. a3 Nxd3 19. Bxa5 b6 20. Bc3 f5 21. cxd3
fxe4 22. dxe4 Nf6 23. Nd2 Rhg8 24. f3 Kb7 25. Nc4 Nd7 26. Ne3 Bf6 27. Ng4 Be7
28. d5 exd5 29. exd5 Bd6 30. dxc6+ Kxc6 31. f4 Nc5 32. Ne5+ Kc7 33. Nf7 Ne4 34.
Nxd8 Nxc3+ 35. bxc3 Rxd8 36. Kb2 Re8 37. Rde1 Rf8 38. Kb3 Rf5 39. c4 Ra5 40. a4
a6 41. Ra1 Rc5 42. Rae1 b5 43. cxb5 axb5 44. axb5 Rxb5+ 45. Kc4 Rc5+ 46. Kd4 Kd7
47. Ra1 Rb5 48. Ra7+ Ke6 49. Rxg7 Kf5 50. Rg6 Rb4+ 51. Kc3 Rb6 52. Kd3 Rb3+ 53.
Kc2 Rb6 54. Rf1 Rc6+ 55. Kd3 Ra6 56. g4# {Black checkmated} 1-0

[Event "Team 45 45 League T57"]
[Site "Internet Chess Club"]
[Date "2013.06.16"]
[Round "4"]
[White "FlyingTiger"]
[Black "room-matt"]
[Result "1-0"]
[WhiteElo "1855"]
[BlackElo "1752"]
[Opening "Scotch gambit: Dubois-Réti defense"]
[ECO "C55"]
[Time "10:04:32"]
[TimeControl "2700+45"]

1. e4 e5 2. Nf3 Nc6 3. d4 exd4 4. Bc4 Nf6 5. e5 d5 6. Bb5 Ne4 7. Nxd4 Bd7 8.
Bxc6 bxc6 9. O-O Bc5 10. f3 Ng5 11. f4 Ne4 12. Be3 Bb6 13. c3 O-O 14. Nd2 Nxd2
15. Qxd2 f6 16. e6 Bxd4 17. Bxd4 Bxe6 18. Qe3 Re8 19. Bxa7 Bf5 20. Qf2 Be4 21.
Bc5 Qc8 22. a4 Qa6 23. b4 Qd3 24. Qd4 Qc2 25. Rf2 Qb3 26. a5 Bf5 27. Qd2 Qc4 28.
Re1 Rxe1+ 29. Qxe1 Be4 30. Bd4 Qa6 31. Qd1 Qc8 32. Qe2 Qf5 33. g4 Qg6 34. h3 f5
35. g5 h6 36. h4 Qf7 37. a6 Qg6 38. a7 Kh7 39. h5 Qd6 40. g6+ Kg8 41. Qa6 c5 42.
Qb7 Qd8 43. bxc5 Kf8 44. Rb2 {Black resigns} 1-0

[Event "Team 45 45 League T57"]
[Site "Internet Chess Club"]
[Date "2013.06.16"]
[Round "4"]
[White "chrisgianno"]
[Black "vvsi"]
[Result "0-1"]
[WhiteElo "1731"]
[BlackElo "1745"]
[Opening "Queen's Indian: 4.e3"]
[ECO "E14"]
[Time "10:37:06"]
[TimeControl "2700+45"]

1. d4 Nf6 2. Nf3 e6 3. e3 b6 4. c4 Bb4+ 5. Bd2 Be7 6. Nc3 Bb7 7. Bd3 c5 8. O-O
O-O 9. Qe2 d6 10. e4 cxd4 11. Nxd4 Nc6 12. Nxc6 Bxc6 13. f4 Qc7 14. e5 dxe5 15.
fxe5 Nd7 16. Rae1 Rad8 17. Bc1 Bc5+ 18. Kh1 Bb4 19. Rf4 Nxe5 20. Bxh7+ Kxh7 21.
Qh5+ Kg8 22. Rh4 f6 23. Bf4 Qb7 24. Bxe5 Bxg2+ 25. Kg1 Bc5+ 26. Bd4 Bxd4+ 27.
Rxd4 Rxd4 28. Rxe6 Qf3 29. Qxf3 Bxf3 30. Kf2 Bb7 31. Ke3 Rxc4 32. Kd3 Ba6 33.
Ke3 Kf7 34. Rd6 Re8+ 35. Kf2 Rc5 36. Kf3 Bb7+ 37. Kf4 g5+ 38. Kg3 Re7 39. h4
gxh4+ 40. Kxh4 Kg6 41. Kg4 Rc4+ 42. Kg3 Rc6 43. Rd8 Rce6 44. Kf4 a6 45. Rg8+ Kf7
46. Rh8 Kg7 47. Rb8 b5 48. Rd8 b4 49. Na4 Re4+ 50. Kg3 b3 51. axb3 Re3+ 52. Kf2
Rxb3 53. Rb8 Rbe3 54. Nc5 Re2+ 55. Kg3 Rxb2 56. Kf4 a5 57. Nd3 Rb1 58. Nc5 Rb4+
59. Kg3 Kf7 60. Rd8 a4 61. Rd2 Rc4 62. Nd7 Rc3+ 63. Kf2 a3 64. Nb6 Rec7 65. Rd4
Rb3 66. Nd7 Rc2+ 67. Ke1 Rb1+ 68. Rd1 Rxd1+ 69. Kxd1 Rh2 70. Kc1 a2 {White
resigns} 0-1

[Event "Team 45 45 League T57"]
[Site "Internet Chess Club"]
[Date "2013.06.15"]
[Round "4"]
[White "rayfincle"]
[Black "werty"]
[Result "1/2-1/2"]
[WhiteElo "1447"]
[BlackElo "1563"]
[Opening "Queen's bishop game"]
[ECO "D00"]
[Time "14:30:25"]
[TimeControl "2700+45"]

1. d4 d5 2. Bf4 Nf6 3. Nf3 e6 4. e3 c5 5. c3 Nc6 6. Nbd2 Bd6 7. dxc5 Bxc5 8. Be2
Bd6 9. Bg5 a6 10. O-O O-O 11. e4 dxe4 12. Nxe4 Be7 13. Qxd8 Rxd8 14. Nxf6+ Bxf6
15. Bxf6 gxf6 16. Rad1 b5 17. Rxd8+ Nxd8 18. Rd1 Bb7 19. Nd4 Nc6 20. Bf3 Rd8 21.
Nxc6 Rxd1+ 22. Bxd1 Bxc6 23. b4 Kg7 24. f4 f5 25. Kf2 f6 26. g3 e5 27. Bc2 e4
28. Ke3 Kf7 29. Bd1 Ke6 30. Kd4 Kd6 31. Be2 h6 32. c4 bxc4 33. Bxc4 Bb5 34. Bd5
Bc6 35. Bc4 Bb5 36. a4 Bxc4 37. Kxc4 Kc6 38. Kd4 h5 39. h3 Kd6 40. g4 hxg4 41.
hxg4 fxg4 42. Kxe4 f5+ 43. Kd4 Kc6 44. Ke3 Kd5 45. Kd3 Kc6 46. Kd4 Kb6 47. Ke3
{Game drawn by mutual agreement} 1/2-1/2

[Event "Team 45 45 League T57"]
[Site "Internet Chess Club"]
[Date "2013.06.14"]
[Round "4"]
[White "Signalman"]
[Black "Berke"]
[Result "1-0"]
[WhiteElo "1608"]
[BlackElo "1633"]
[Opening "Queen's bishop game"]
[ECO "D00"]
[Time "13:34:22"]
[TimeControl "2700+45"]

1. d4 d5 2. Bf4 Nf6 3. Nf3 Nbd7 4. e3 Nh5 5. Bd3 c6 6. c3 Nxf4 7. exf4 Nf6 8.
O-O Qc7 9. Ne5 e6 10. Nd2 Be7 11. Re1 O-O 12. g4 c5 13. Rc1 cxd4 14. cxd4 Qb6
15. Nb3 Bd7 16. g5 Ba4 17. Bc2 Ne8 18. Bxh7+ Kxh7 19. Qh5+ Kg8 20. Re3 Bxb3 21.
Rh3 Qxd4 22. Qh7# {Black checkmated} 1-0